 Dungeon Crawl Stone Soup version 0.27-a0-650-g8dd3ea4f36 (webtiles) character file.

Game seed: 7474018016319102888

582341 robertstho the Halfling Catapult (level 27, -3/216 HPs)
             Began as a Halfling Hunter on Mar 12, 2021.
             Was the Champion of Okawaru.
             Splashed by a caustic shrike's acid (4 damage)
             ... on level 5 of the Depths on Mar 15, 2021.
             The game lasted 02:40:32 (69983 turns).

robertstho the Halfling Catapult (Halfling Hunter) Turns: 69983, Time: 02:40:34

Health: -3/216     AC: 52    Str: 36      XL:     27
Magic:  29/35      EV: 20    Int:  8 (9)  God:    Okawaru [******]
Gold:   7170       SH: 25    Dex: 25      Spells: 26/26 levels left

rFire    + + +     SeeInvis .   h - +8 hunting sling of Bogouxki {venom, rC+ Str+6 Dex+4}
rCold    + + .     Faith    .   T - +0 kite shield {reflect}
rNeg     + . .     Spirit   .   A - +11 gold dragon scales
rPois    +         Reflect  +   w - +2 helmet
rElec    +         Harm     .   x - +2 cloak "Dunnol" {rPois rF+ rCorr Dex+3}
rCorr    +         Rampage  .   E - +2 pair of gloves {archery}
Will     ++...                  t - +2 pair of boots
Stlth    ++++......             y - amulet of Impesha {Reflect rElec Str+3 SH+5 Stlth+}
HPRegen  0.46/turn              G - ring of protection from fire
MPRegen  0.24/turn              K - ring "Hoplum" {+Inv rN+ AC+4 Str+4 Stlth+}

@: heroic, finesse-ful, very slightly contaminated, studying Maces & Flails,
invisible
A: small, no large weapons, mutation resistance 1, clumsy 1, deterioration 2,
strong 1
}: 3/15 runes: decaying, silver, gossamer
a: Renounce Religion, Evoke Invisibility, Heroism, Finesse


You were on level 5 of the Depths.
You worshipped Okawaru.
Okawaru was exalted by your worship.
You visited 9 branches of the dungeon, and saw 45 of its levels.
You visited the Abyss 2 times.
You visited 1 bazaar.
You also visited: Trove, Bailey, Ice Cave and Wizlab.

You collected 8258 gold pieces.
You spent 1088 gold pieces at shops.

Inventory:

Hand Weapons
 d - a +0 long sword of draining
 h - the +8 hunting sling of Bogouxki (weapon) {venom, rC+ Str+6 Dex+4}
   (Okawaru gifted it to you on level 6 of the Lair of Beasts)

   It poisons the ammo it fires.
   It affects your strength (+6).
   It affects your dexterity (+4).
   It protects you from cold.
 P - the +3 hunting sling of Offence {vorpal, +Blink +Fly Will+ MP+9}
   (Okawaru gifted it to you on level 4 of the Depths)

   Any stone fired from it inflicts extra damage.
   It affects your willpower, your defense against some magical effects.
   It affects your magic capacity (+9).
   It lets you fly.
   It lets you blink.
Missiles
 j - 704 stones (quivered ammo)
 I - 125 sling bullets
Armour
 t - a +2 pair of boots (worn)
 w - a +2 helmet (worn)
 x - the +2 cloak "Dunnol" (worn) {rPois rF+ rCorr Dex+3}
   (You found it on level 3 of the Elven Halls)

   It affects your dexterity (+3).
   It protects you from fire.
   It protects you from poison.
   It provides partial protection from all sources of acid and corrosion.
 A - +11 gold dragon scales (worn)
 E - a +2 pair of gloves of archery (worn)
 T - a +0 kite shield of reflection (worn)
Jewellery
 r - a ring of protection from cold
 s - the ring "Upos" {rC- Will+++ Str-3 Int+6 Dex+5}
   (You took it off a deep elf death mage on level 3 of the Elven Halls)

   [ring of intelligence]

   It affects your strength (-3).
   It affects your intelligence (+6).
   It affects your dexterity (+5).
   It makes you vulnerable to cold.
   It affects your willpower, your defense against some magical effects.
 v - the ring of Autumn {rN+ Dex+3}
   (You found it on level 3 of the Abyss)

   [ring of positive energy]

   It affects your dexterity (+3).
   It protects you from negative energy.
 y - the amulet of Impesha (around neck) {Reflect rElec Str+3 SH+5 Stlth+}
   (You found it in a treasure trove)

   [amulet of reflection]

   It shields you and reflects attacks.
   It affects your strength (+3).
   It insulates you from electricity.
   It affects your SH (+5).
   It makes you more stealthy.
 G - a ring of protection from fire (right hand)
 J - a ring of protection from fire
 K - the ring "Hoplum" (left hand) {+Inv rN+ AC+4 Str+4 Stlth+}
   (You acquired it on level 1 of the Elven Halls)

   [ring of protection]

   It affects your AC (+4).
   It affects your strength (+4).
   It protects you from negative energy.
   It lets you turn invisible.
   It makes you more stealthy.
 N - the amulet "Bumpiqam" {Will+ Regen+}
   (You found it on level 3 of the Abyss)

   [amulet of regeneration]

   It affects your willpower, your defense against some magical effects.
   It increases your rate of regeneration.
Wands
 M - a wand of acid (12)
 Q - a wand of digging (14)
 R - a wand of iceblast (25)
 W - a wand of mindburst (16)
Scrolls
 e - 4 scrolls of blinking
 i - 11 scrolls of magic mapping
 n - 6 scrolls of fog
 o - 2 scrolls of silence
 z - 4 scrolls of immolation
 D - 21 scrolls of identify
 L - 3 scrolls of holy word
 O - a scroll of summoning
 X - 4 scrolls of teleportation
Potions
 a - 7 potions of ambrosia
 f - 7 potions of might
 k - a potion of resistance
 l - 13 potions of mutation
 m - 12 potions of flight
 u - 5 potions of curing
 F - 8 potions of berserk rage
 H - 2 potions of magic
 U - 7 potions of haste
 Y - 5 potions of cancellation
Miscellaneous
 b - a condenser vane (inert)
 p - a phantom mirror


   Skills:
 * Level 24.4(27) Fighting
 + Level 2.2(8.1) Short Blades
 + Level 2.8(8.1) Long Blades
 + Level 1.6(7.1) Axes
 + Level 1.7(7.1) Maces & Flails
 O Level 27 Slings
 + Level 13.7(18.7) Armour
 + Level 8.3(13.3) Dodging
 * Level 19.1(24.1) Stealth
 + Level 17.2(22.2) Shields
 * Level 16.9 Invocations
 + Level 1.8 Evocations


You had 26 spell levels left.
You didn't know any spells.
Your spell library contained the following spells:

 Spells                   Type           Power      Damage    Failure   Level
 Animate Skeleton         Necr           0%         N/A       98%         1
 Apportation              Tloc           0%         N/A       98%         1
 Beastly Appendage        Tmut           0%         N/A       98%         1
 Corona                   Hex            0%         N/A       98%         1
 Foxfire                  Conj/Fire      0%         2x1d4     98%         1
 Freeze                   Ice            0%         1d3       98%         1
 Magic Dart               Conj           0%         1d3       98%         1
 Shock                    Conj/Air       0%         1d3       98%         1
 Sting                    Tmut/Pois      0%         1d3       98%         1
 Summon Small Mammal      Summ           0%         N/A       98%         1
 Blink                    Tloc           N/A        N/A       99%         2
 Call Imp                 Summ           0%         N/A       99%         2
 Corpse Rot               Necr/Air       N/A        N/A       99%         2
 Ensorcelled Hibernation  Hex/Ice        0%         N/A       99%         2
 Poisonous Vapours        Pois/Air       0%         N/A       99%         2
 Searing Ray              Conj           0%         3d3       99%         2
 Slow                     Hex            0%         N/A       99%         2
 Swiftness                Air            0%         N/A       99%         2
 Wereblood                Tmut           0%         N/A       99%         2
 Call Canine Familiar     Summ           0%         N/A       100%        3
 Confusing Touch          Hex            0%         N/A       100%        3
 Conjure Flame            Conj/Fire      0%         6-21      100%        3
 Dazzling Flash           Conj/Hex       0%         N/A       100%        3
 Frozen Ramparts          Ice            0%         1d2       100%        3
 Gell's Gravitas          Tloc           0%         N/A       100%        3
 Ignite Poison            Fire/Tmut/Pois 0%         N/A       100%        3
 Inner Flame              Hex/Fire       0%         N/A       100%        3
 Lesser Beckoning         Tloc           0%         N/A       100%        3
 Mephitic Cloud           Conj/Pois/Air  0%         N/A       100%        3
 Ozocubu's Armour         Ice            0%         N/A       100%        3
 Portal Projectile        Hex/Tloc       0%         N/A       100%        3
 Spider Form              Tmut/Pois      0%         N/A       100%        3
 Static Discharge         Conj/Air       0%         N/A       100%        3
 Stone Arrow              Conj/Erth      0%         3d7       100%        3
 Summon Guardian Golem    Hex/Summ       0%         N/A       100%        3
 Tukima's Dance           Hex            0%         N/A       100%        3
 Vampiric Draining        Necr           0%         2d6       100%        3
 Airstrike                Air            0%         N/A       100%        4
 Animate Armour           Summ/Erth      0%         N/A       100%        4
 Animate Dead             Necr           0%         N/A       100%        4
 Cause Fear               Hex            0%         N/A       100%        4
 Fulminant Prism          Conj/Hex       0%         3d6       100%        4
 Hailstorm                Conj/Ice       0%         3d3       100%        4
 Ice Form                 Ice/Tmut       0%         N/A       100%        4
 Iskenderun's Mystic Bla  Conj/Tloc      0%         2d3       100%        4
 Leda's Liquefaction      Hex/Erth       0%         N/A       100%        4
 Manifold Assault         Tloc           0%         N/A       100%        4
 Olgreb's Toxic Radiance  Pois           0%         N/A       100%        4
 Passage of Golubria      Tloc           N/A        N/A       100%        4
 Petrify                  Tmut/Erth      0%         N/A       100%        4
 Sticky Flame             Conj/Fire      0%         2d3       100%        4
 Summon Ice Beast         Ice/Summ       0%         N/A       100%        4
 Summon Lightning Spire   Summ/Air       0%         N/A       100%        4
 Alistair's Intoxication  Tmut/Pois      0%         N/A       100%        5
 Blade Hands              Tmut           0%         N/A       100%        5
 Bolt of Magma            Conj/Fire/Erth 0%         4d4       100%        5
 Fireball                 Conj/Fire      0%         3d3       100%        5
 Lightning Bolt           Conj/Air       0%         1d11      100%        5
 Metabolic Englaciation   Hex/Ice        0%         N/A       100%        5
 Silence                  Hex/Air        0%         N/A       100%        5
 Summon Forest            Summ/Tloc      0%         N/A       100%        5
 Summon Mana Viper        Hex/Summ       0%         N/A       100%        5
 Yara's Violent Unravell  Hex/Tmut       0%         3d3       100%        5
 Conjure Ball Lightning   Conj/Air       0%         3x3d6     100%        6
 Dispersal                Tloc           0%         N/A       100%        6
 Eringya's Noxious Bog    Tmut/Pois      0%         N/A       100%        6
 Freezing Cloud           Conj/Ice/Air   0%         6-21      100%        6
 Hydra Form               Tmut           0%         N/A       100%        6
 Invisibility             Hex            0%         N/A       100%        6
 Iron Shot                Conj/Erth      0%         9d1       100%        6
 Simulacrum               Ice/Necr       0%         N/A       100%        6
 Starburst                Conj/Fire      0%         8x6d3     100%        6
 Statue Form              Tmut/Erth      0%         N/A       100%        6
 Dragon Form              Tmut           0%         N/A       100%        7
 Ozocubu's Refrigeration  Ice            0%         4d5       100%        7
 Summon Hydra             Summ           0%         N/A       100%        7
 Borgnjor's Revivificati  Necr           0%         N/A       100%        8
 Discord                  Hex            0%         N/A       100%        8
 Disjunction              Tloc           0%         N/A       100%        8
 Ignition                 Fire           0%         3d3       100%        8
 Infestation              Necr           0%         N/A       100%        8
 Necromutation            Tmut/Necr      0%         N/A       100%        8
 Summon Horrible Things   Summ           0%         N/A       100%        8
 Absolute Zero            Ice            0%         ∞         100%        9
 Death's Door             Necr           0%         N/A       100%        9
 Shatter                  Erth           0%         3d5*      100%        9
 Tornado                  Air            0%         N/A       100%        9


Dungeon Overview and Level Annotations

Branches:
Dungeon (15/15)            Temple (1/1) D:5            Lair (6/6) D:10
  Swamp (4/4) Lair:2       Spider (4/4) Lair:4        Slime (0/5) Lair:5
    Orc (2/2) D:11            Elf (3/3) Orc:2        Vaults (5/5) D:13
  Crypt (0/3) Vaults:2     Depths (5/5) D:15         Bailey (visited)
  IceCv (visited)          WizLab (visited)
    Zot: Depths:5

Altars:
Cheibriados
Dithmenos
Elyvilon
Fedhas
Gozag
Hepliaklqana
Kikubaaqudgha
Makhleb
Nemelex Xobeh
Okawaru
Qazlal
Vehumet
Xom
Zin
The Shining One
Beogh
Jiyva

Shops:
D:9 [   Orc:2 [(=*   Elf:2 !   Elf:3 *   Depths:2 *   Depths:4 [

Portals:
Hell: Depths:1 Depths:2 Depths:3 Depths:4 Depths:5
Abyss: Depths:3 Depths:4
Pandemonium: Depths:1 Depths:2 Depths:3 Depths:4
Ziggurat: Depths:4

Annotations:
D:8 2 transporters, jasper's ghost, novice DsDe
Lair:4 3 runed translucent doors, runemage's ghost, journeyman GnFi
Depths:2 3 runed translucent doors, exclusion: obsidian statue, Xoleat's ghost, adept NaFi


Innate Abilities, Weirdness & Mutations

You are small and have problems with some larger weapons.
You are somewhat resistant to further mutation.
You are clumsy. (Dex -2)
Your body often deteriorates upon taking damage.
Your muscles are strong. (Str +2)


Message History

The stone completely misses the caustic shrike.
You block the caustic shrike's attack.
Fire: 707 stones
Press: ? - help, Q - select action, (/) - cycle Shift-Dir - straight line, f/p - caustic shrike
Aim: a caustic shrike (heavily wounded, extremely poisoned, 71% to hit)
You shoot a stone. The stone hits the caustic shrike!!
The caustic shrike looks as sick as possible!
The caustic shrike is severely wounded.
The caustic shrike barely misses you.
The caustic shrike claws you but does no damage.
Fire: 706 stones
Press: ? - help, Q - select action, (/) - cycle Shift-Dir - straight line, f/p - caustic shrike
Aim: a caustic shrike (severely wounded, extremely poisoned, 71% to hit)
You shoot a stone.
The stone closely misses the caustic shrike.
You block the caustic shrike's attack. The caustic shrike closely misses you.
The caustic shrike claws you but does no damage.
Fire: 705 stones
Press: ? - help, Q - select action, (/) - cycle Shift-Dir - straight line, f/p - caustic shrike
Aim: a caustic shrike (severely wounded, extremely poisoned, 71% to hit)
You shoot a stone. The stone hits the caustic shrike!
The caustic shrike looks as sick as possible!
The caustic shrike is almost dead.
The caustic shrike claws you.
* * * LOW HITPOINT WARNING * * *
You are splashed with acid.
You resist.
* * * LOW HITPOINT WARNING * * *
Clouds of freezing vapour condense around you!
The condenser dries out!
The caustic shrike is engulfed in freezing vapours.
The caustic shrike claws you but does no damage.
The caustic shrike is engulfed in freezing vapours.
You block the caustic shrike's attack.
The caustic shrike is engulfed in freezing vapours.
You block the caustic shrike's attack.
The caustic shrike is engulfed in freezing vapours.
The caustic shrike claws you!
* * * LOW HITPOINT WARNING * * *
You are splashed with acid.
You resist.
You die...

##....
....(...#.....
..∩.....##....
..........##...
...............
#.........≈§≈§..
##§§........≈≈≈≈..
#bb§...((...§≈≈≈..
#@b§.(..(....§≈≈.d
###§.###........Di
## ...§.≈≈Gk
..§.§....
.≈≈......
§≈≈......
..§≈.....G
.....§....
<≈≈.§.....


You could see 3 caustic shrikes.

Vanquished Creatures
  4 dread liches
  An ancient lich (WizLab)
  A juggernaut (Depths:3)
  4 caustic shrikes
  Nikola (Elf:3)
  4 golden dragons
  A bone dragon (Abyss:3)
  6 tentacled monstrosities
  3 liches
  The ghost of agentgt the Covert, an adept HuVM of Kikubaaqudgha (Elf:3)
  3 quicksilver dragons
  4 deep elf master archers (Elf:3)
  4 deep elf blademasters
  4 titans
  3 tentacled starspawn
  2 thorn hunters (Swamp:4)
  4 shadow dragons
  An ancient champion (WizLab)
  6 sphinxes
  Roxanne (Spider:2)
  A storm dragon (D:14)
  8 tengu reavers
  Donald (Swamp:2)
  Kirke (D:15)
  3 fenstrider witches (Swamp:4)
  7 fire giants
  12 vault wardens
  An iron dragon (Depths:4)
  A ghost moth (Spider:4)
  12 deep elf sorcerers
  Louise (Swamp:4)
  5 orc warlords
  6 frost giants
  2 angels (Elf:2)
  5 emperor scorpions (Spider:4)
  2 deep elf elementalists (Elf:3)
  4 spriggan defenders
  18 ironbound preservers
  29 very ugly things
  A reaper (Swamp:4)
  12 stone giants
  5 war gargoyles
  An ophan (Depths:1)
  A vampire knight (Depths:4)
  The ghost of Gaergho the Fighter, a journeyman DrAK of Lugonu (Lair:5)
  The ghost of Jenurgh the Devastator, a journeyman DECj of Sif Muna (D:14)
  9 deep elf demonologists
  5 bunyips
  The ghost of Plazmod the Devastator, a journeyman DECj of Vehumet (Lair:5)
  4 entropy weavers
  A purple draconian (Abyss:3)
  15 deep elf annihilators
  4 dire elephants (Vaults:1)
  A minotaur (Elf:3)
  5 eleionomae
  7 spark wasps
  Snorg (D:14)
  A red draconian (Depths:5)
  The ghost of Hiegg the Archer, a journeyman CeAM of Okawaru (Lair:5)
  5 ettins
  An eleionoma (shapeshifter) (Elf:3)
  3 deep elf death magi
  3 crystal guardians
  A blizzard demon (Swamp:4)
  10 fire dragons
  A merfolk impaler (Elf:3)
  11 yaktaur captains
  5 deep elf high priests
  4 shambling mangroves (Swamp:4)
  Josephine (D:11)
  8 ice dragons
  10 great orbs of eyes
  Erolcha (D:13)
  5 boulder beetles
  3 peacekeepers
  A rakshasa (Depths:1)
  26 vault guards
  9 ironbound thunderhulks
  Harold (D:7)
  15 hydras
  3 spriggan air magi
  A ghost crab (Swamp:4)
  10 ironbound frosthearts
  6 catoblepae
  A centaur warrior (D:13)
  2 anacondas (shapeshifter) (Depths:4)
  9 two-headed ogres
  7 alligators
  2 death knights (Vaults:2)
  5 ogre magi
  6 deep troll earth magi
  24 dancing weapons
  6 deep troll shamans
  A two-headed ogre (shapeshifter) (Depths:4)
  7 thrashing horrors
  3 vampire magi
  A hell hog (Abyss:3)
  2 ironbound beastmasters (Vaults:1)
  8 death scarabs (Spider:4)
  4 tengu warriors
  13 death yaks
  5 spriggan berserkers
  2 orc high priests (Orc:2)
  17 deep elf knights
  3 soul eaters (Swamp:4)
  A hell knight (Depths:4)
  2 sun demons (Abyss:3)
  14 skeletal warriors
  7 iron trolls
  A spectral emperor scorpion (Spider:4)
  50 deep trolls
  A shadow wraith (Vaults:2)
  2 sixfirhies
  2 wretched stars (Abyss:3)
  2 goliath frogs (Swamp:4)
  4 unseen horrors
  A glowing orange brain (Depths:1)
  4 spriggan druids (Swamp:4)
  3 death drakes (Swamp:4)
  4 swamp dragons
  2 deep trolls (shapeshifter) (Abyss:3)
  A glowing orange brain (shapeshifter) (Depths:4)
  An orange crystal statue (Depths:4)
  A phantasmal warrior (Vaults:5)
  An unseen horror (shapeshifter) (D:15)
  A flayed ghost (Depths:2)
  2 bog bodies (Swamp:2)
  A lindwurm (shapeshifter) (Vaults:3)
  18 deep elf archers
  13 wizards
  2 spectral wolf spiders (Spider:4)
  A harpy (shapeshifter) (Depths:4)
  Pikel (D:9)
  7 orc knights
  A wolf spider zombie (Spider:4)
  22 ironbound convokers
  16 orb spiders
  A spectral ettin (D:14)
  12 harpies
  A golden dragon skeleton (Abyss:3)
  30 deep elf pyromancers
  25 deep elf zephyrmancers
  A shining eye (shapeshifter) (Depths:4)
  A necromancer (Abyss:2)
  3 will-o-the-wisps
  24 wolf spiders
  7 orc sorcerers
  An oklob plant (Lair:1)
  4 cyclopes
  A worldbinder (Abyss:2)
  36 ugly things
  9 manticores
  16 elephants
  2 moths of wrath (Spider:4)
  5 torpor snails
  20 vault sentinels
  Joseph (D:7)
  7 black mambas
  A naga mage (D:15)
  A cane toad (shapeshifter) (Elf:2)
  6 smoke demons
  An apocalypse crab (Abyss:2)
  A guardian serpent (shapeshifter) (D:15)
  5 eyes of devastation (Depths:1)
  Maggie (D:6)
  4 gargoyles
  19 cane toads
  6 rime drakes
  3 orange demons
  2 yaktaurs (shapeshifter) (Depths:4)
  2 spectral redbacks (Spider:4)
  2 tormentors
  A kobold demonologist (D:13)
  3 freezing wraiths
  13 komodo dragons
  A catoblepas skeleton (Abyss:2)
  6 demonic crawlers
  32 yaktaurs
  A tengu conjurer (Depths:1)
  2 merfolk (shapeshifter)
  2 ancient zymes (Abyss:2)
  An efreet (Abyss:3)
  3 red devils
  8 hellwings
  29 jumping spiders
  A spectral tengu (D:14)
  2 ice devils
  A meliai (shapeshifter) (Depths:4)
  18 polar bears
  5 spectral jumping spiders (Spider:4)
  14 trolls
  2 trolls (shapeshifter)
  4 spectral tarantellas (Spider:4)
  20 hornets
  12 tyrant leeches
  Prince Ribbit (D:9)
  A polar bear (shapeshifter) (Depths:4)
  17 large abominations
  A tengu simulacrum (D:14)
  4 raiju (Abyss:3)
  11 blink frogs
  19 slime creatures
  2 tarantella zombies (Spider:4)
  A fire giant simulacrum (Abyss:2)
  An ice dragon zombie (D:14)
  A fire dragon zombie (D:14)
  A jumping spider zombie (Spider:4)
  A frost giant simulacrum (D:14)
  4 dream sheep (Lair:6)
  56 redbacks
  12 small abominations
  Sigmund (D:3)
  A ynoxinul (Depths:2)
  6 spriggans
  3 air elementals
  2 shadows
  34 tarantellas
  83 yaks
  A redback (shapeshifter) (Abyss:3)
  A tarantella (shapeshifter) (Elf:1)
  5 vampires
  9 wraiths
  2 hogs (D:15)
  A human (shapeshifter) (Depths:4)
  3 water elementals
  A basilisk (shapeshifter) (Depths:4)
  A human (D:15)
  5 wyverns
  6 basilisks
  4 fire elementals
  2 golden eyes
  3 neqoxecs
  8 chaos spawn
  5 two-headed ogre zombies (WizLab)
  16 swamp worms
  2 soldier ants (shapeshifter) (Depths:4)
  5 wargs
  A soldier ant (D:12)
  An acid dragon (D:15)
  28 water moccasins
  2 floating eyes
  5 hell hounds
  2 swamp drakes
  Duvessa (D:6)
  A deep troll simulacrum (D:14)
  A hornet zombie (Spider:4)
  3 spectral hornets (Spider:4)
  10 ice beasts
  7 sky beasts
  15 starcursed masses
  42 orc warriors
  2 black bears
  A necrophage (D:10)
  12 ogres
  2 removed eyes of draining
  36 wolves
  4 boggarts
  13 centaurs
  A lemure (D:9)
  2 phantoms
  Blork the orc (Orc:2)
  5 kobold brigands
  11 bullfrogs
  2 earth elementals
  A glowing shapeshifter simulacrum (D:14)
  Dowan (D:6)
  5 scorpions
  15 wights
  7 troll zombies (WizLab)
  6 killer bees (D:8)
  A howler monkey (D:4)
  7 electric eels
  2 centaur zombies
  4 bullfrog zombies
  2 quasits
  4 centaur skeletons
  2 hounds
  2 jellies
  28 orc priests
  4 iron imps
  3 iguanas (D:8)
  23 orc wizards
  7 hell rats
  12 worker ants
  2 ogre zombies (WizLab)
  A hound zombie (D:11)
  2 hound skeletons
  A howler monkey zombie (D:11)
  A worker ant zombie (D:3)
  28 gnolls
  31 adders
  2 shadow imps
  2 white imps
  4 ufetubi
  3 adder skeletons (D:3)
  2 adder zombies
  A worm (shapeshifter) (Elf:3)
  6 worms
  2 dart slugs
  90 orcs
  A bat zombie (D:9)
  13 giant cockroaches
  13 goblins
  14 hobgoblins
  14 jackals
  6 quokkas
  2 ball pythons
  A ball python skeleton (D:3)
  10 bats
  3 frilled lizards
  2 giant cockroach zombies (D:3)
  34 kobolds
  A kobold skeleton (Abyss:2)
  A leopard gecko zombie (D:3)
  2 quokka skeletons
  10 rats
  2 rat zombies (D:9)
  A lurking horror (Abyss:2)
  A starspawn tentacle (Abyss:2)
2156 creatures vanquished.

Vanquished Creatures (others)
  Arachne (Spider:4)
  A deep troll earth mage (Depths:3)
  A deep elf knight (Elf:3)
  2 wizards
  A glowing orange brain (shapeshifter) (Abyss:3)
  A phantasmal warrior (Vaults:5)
  A shining eye (Depths:1)
  A bloated husk (Swamp:1)
  A starcursed mass (Abyss:3)
  2 humans (D:15)
  2 golden eyes (Depths:1)
  An orc warrior (Orc:2)
  A centaur (D:15)
  A bullfrog (D:15)
  5 small abominations (Abyss:3)
  3 orcs
  4 bushes
  22 foxfires
  40 fungi
  2 lurking horrors (Abyss:3)
  79 plants
  9 starspawn tentacles
  6 withered plants
187 creatures vanquished.

Grand Total: 2343 creatures vanquished

Notes
Turn   | Place    | Note
-------+----------+-------------------------------------------
     0 | D:1      | robertstho the Halfling Hunter began the quest for the Orb.
     0 | D:1      | Reached XP level 1. HP: 14/14 MP: 1/1
     7 | D:1      | Noticed a black mamba
     7 | D:1      | Noticed a polar bear
     8 | D:1      | Noticed a swamp worm
     8 | D:1      | Noticed a killer bee
    17 | D:1      | Reached skill level 6 in Slings
    46 | D:1      | Reached XP level 2. HP: 19/19 MP: 2/2
   228 | D:1      | Reached XP level 3. HP: 24/24 MP: 3/3
   351 | D:1      | Reached skill level 7 in Slings
   839 | D:2      | Reached XP level 4. HP: 29/29 MP: 4/4
  1146 | D:2      | Found a radiant altar of Vehumet.
  1334 | D:2      | Reached XP level 5. HP: 34/34 MP: 5/5
  1480 | D:2      | Reached skill level 8 in Slings
  2320 | D:3      | Reached XP level 6. HP: 40/41 MP: 6/6
  2442 | D:3      | Reached skill level 9 in Slings
  2552 | D:3      | Noticed Sigmund
  2619 | D:3      | Killed Sigmund
  2620 | D:3      | Reached XP level 7. HP: 30/46 MP: 7/7
  2992 | D:3      | Reached skill level 10 in Slings
  3762 | D:4      | Reached skill level 1 in Armour
  4144 | D:4      | Reached skill level 11 in Slings
  4144 | D:4      | Reached XP level 8. HP: 39/52 MP: 8/8
  4437 | D:5      | Entered Level 5 of the Dungeon
  4718 | D:5      | Found a staircase to the Ecumenical Temple.
  4932 | D:5      | Found a white marble altar of Elyvilon.
  5224 | D:5      | Reached skill level 12 in Slings
  5224 | D:5      | Reached skill level 1 in Shields
  5330 | D:6      | Reached XP level 9. HP: 59/59 MP: 9/9
  5415 | D:6      | Reached skill level 5 in Fighting
  5555 | D:6      | Noticed Maggie
  5569 | D:6      | Killed Maggie
  5570 | D:6      | Reached skill level 13 in Slings
  5588 | D:6      | Found a sparkling altar of Nemelex Xobeh.
  5694 | Temple   | Entered the Ecumenical Temple
  5699 | Temple   | Became a worshipper of Warmaster Okawaru
  5811 | D:6      | Identified the ring of the Augurer {Will+ EV+4 Str-3
                  | Stlth+}
  5901 | D:6      | Found a stormy altar of Qazlal.
  5938 | D:6      | Noticed Duvessa
  5940 | D:6      | Noticed Dowan
  5947 | D:6      | Killed Duvessa
  5953 | D:6      | Killed Dowan
  6154 | D:7      | Noticed Harold
  6187 | D:7      | Killed Harold
  6188 | D:7      | Reached skill level 14 in Slings
  6188 | D:7      | Reached skill level 5 in Stealth
  6188 | D:7      | Reached skill level 1 in Invocations
  6188 | D:7      | Reached XP level 10. HP: 6/69 MP: 9/11
  6423 | D:7      | Found a glowing silver altar of Zin.
  6487 | D:7      | Found a flagged portal.
  6553 | D:7      | Noticed Joseph
  6596 | Bailey   | Entered a bailey
  7076 | D:7      | Killed Joseph
  7076 | D:7      | Reached * piety under Okawaru
  7669 | D:8      | Reached ** piety under Okawaru
  7718 | D:8      | Found a transporter.
  7764 | D:8      | Noticed jasper's ghost (novice DsDe)
  7810 | D:8      | Found a shimmering altar of Xom.
  7812 | D:8      | Found a transporter.
  7977 | D:8      | Reached skill level 15 in Slings
  7981 | D:8      | Found a white marble altar of Elyvilon.
  8431 | D:8      | Found a shimmering altar of Xom.
  8469 | D:8      | Found a shimmering altar of Xom.
  8470 | D:8      | Found a shimmering altar of Xom.
  8470 | D:8      | Found a shimmering altar of Xom.
  8537 | D:9      | Found Pioshrips's Armour Boutique.
  8642 | D:9      | Noticed Pikel
  8665 | D:9      | Killed Pikel
  8666 | D:9      | Reached XP level 11. HP: 78/78 MP: 11/13
  8865 | D:9      | Reached *** piety under Okawaru
  8910 | D:9      | Noticed a two-headed ogre
  8930 | D:9      | Killed a two-headed ogre
  8966 | D:9      | Noticed Prince Ribbit
  8972 | D:9      | Killed Prince Ribbit
  9347 | D:9      | Found an ancient bone altar of Kikubaaqudgha.
  9530 | D:10     | Entered Level 10 of the Dungeon
  9586 | D:10     | Reached skill level 16 in Slings
  9595 | D:10     | Reached **** piety under Okawaru
  9713 | D:10     | Noticed an unseen horror
  9724 | D:10     | Killed an unseen horror
  9724 | D:10     | Received a gift from Okawaru
  9783 | D:10     | Found a snail-covered altar of Cheibriados.
  9922 | D:10     | Found a staircase to the Lair.
 10344 | D:10     | Noticed a two-headed ogre
 10358 | D:10     | Killed a two-headed ogre
 10489 | D:11     | Noticed a manticore
 10497 | D:11     | Killed a manticore
 10497 | D:11     | Received a gift from Okawaru
 10659 | D:11     | Found a staircase to the Orcish Mines.
 10697 | D:11     | Reached XP level 12. HP: 45/87 MP: 13/15
 10719 | D:11     | Noticed Josephine
 10936 | D:11     | Reached skill level 5 in Invocations
 10944 | D:11     | Killed Josephine
 10944 | D:11     | Received a gift from Okawaru
 11084 | D:11     | Reached skill level 10 in Fighting
 11108 | D:11     | Reached ***** piety under Okawaru
 11122 | D:11     | Received a gift from Okawaru
 11128 | D:11     | Reached skill level 1 in Long Blades
 11357 | D:11     | Reached skill level 17 in Slings
 11456 | D:11     | Found a blossoming altar of Fedhas.
 11725 | D:11     | Reached skill level 1 in Axes
 11725 | D:11     | Reached skill level 1 in Evocations
 11725 | D:11     | Reached XP level 13. HP: 93/93 MP: 17/17
 11762 | Lair:1   | Entered Level 1 of the Lair of Beasts
 12031 | Lair:1   | Reached skill level 5 in Shields
 12605 | Lair:1   | Received a gift from Okawaru
 12619 | Lair:1   | Reached skill level 18 in Slings
 13060 | Lair:2   | Reached skill level 5 in Armour
 13091 | Lair:2   | Reached XP level 14. HP: 100/101 MP: 19/19
 13664 | Lair:2   | Found a staircase to the Swamp.
 14984 | Lair:3   | Reached skill level 5 in Dodging
 15812 | Lair:4   | Received a gift from Okawaru
 15939 | Lair:4   | Received a gift from Okawaru
 15999 | Lair:4   | Upgraded the game from 0.27-a0-604-g29a88b33a7 to
                  | 0.27-a0-650-g8dd3ea4f36
 16268 | Lair:4   | Found a runed translucent gate.
 16269 | Lair:4   | Found a runed translucent gate.
 16269 | Lair:4   | Noticed runemage's ghost (journeyman GnFi)
 16641 | Lair:4   | Reached skill level 19 in Slings
 16642 | Lair:4   | Found a hole to the Spider Nest.
 17155 | Lair:4   | Received a gift from Okawaru
 17183 | Lair:4   | Found a runed translucent gate.
 17788 | Lair:5   | Reached skill level 10 in Stealth
 18301 | Lair:5   | Found a runed translucent gate.
 18302 | Lair:5   | Found a runed translucent gate.
 18303 | Lair:5   | Found a runed translucent gate.
 18305 | Lair:5   | Noticed Gaergho's ghost (journeyman DrAK)
 18305 | Lair:5   | Noticed Plazmod's ghost (journeyman DECj)
 18305 | Lair:5   | Noticed Hiegg's ghost (journeyman CeAM)
 18332 | Lair:5   | Received a gift from Okawaru
 18421 | Lair:5   | Found a viscous altar of Jiyva.
 18421 | Lair:5   | Found a staircase to the Slime Pits.
 18514 | Lair:5   | Received a gift from Okawaru
 18938 | Lair:5   | Reached XP level 15. HP: 108/108 MP: 21/21
 19407 | Lair:5   | Killed Gaergho's ghost
 19623 | Lair:5   | Killed Plazmod's ghost
 19744 | Lair:5   | Killed Hiegg's ghost
 19785 | Lair:6   | Entered Level 6 of the Lair of Beasts
 20066 | Lair:6   | Identified the +8 hunting sling of Bogouxki {venom, rC+
                  | Str+6 Dex+4} (Okawaru gifted it to you on level 6 of the
                  | Lair of Beasts)
 20066 | Lair:6   | Received a gift from Okawaru
 20581 | Lair:6   | Reached skill level 20 in Slings
 20584 | Lair:6   | Received a gift from Okawaru
 20688 | Lair:6   | Received a gift from Okawaru
 20724 | Lair:6   | Received a gift from Okawaru
 20798 | Lair:6   | Identified the +9 chain mail "Noaxasil" {Dex+6 SInv}
 20886 | Lair:6   | Identified the +2 pair of gloves of Beyond {rPois rC-
                  | Will+} (Okawaru gifted it to you on level 6 of the Lair of
                  | Beasts)
 20886 | Lair:6   | Received a gift from Okawaru
 21150 | Lair:6   | Reached XP level 16. HP: 115/117 MP: 22/22
 21623 | Orc:1    | Entered Level 1 of the Orcish Mines
 22132 | Orc:2    | Entered Level 2 of the Orcish Mines
 22579 | Orc:2    | Noticed Blork the orc
 22584 | Orc:2    | Killed Blork the orc
 22779 | Orc:2    | Found Olo Ruis's Jewellery Shoppe.
 22792 | Orc:2    | Found Ucetsod's General Store.
 22794 | Orc:2    | Found a staircase to the Elven Halls.
 22809 | Orc:2    | Found Eklyn's Antique Weapon Shoppe.
 22825 | Orc:2    | Found Rownemun's Antique Armour Shoppe.
 22864 | Orc:2    | Bought a distressingly furry chain mail for 294 gold pieces
 22864 | Orc:2    | Identified the +5 chain mail "Hurhegan" {Stlth+} (You
                  | bought it in a shop on level 2 of the Orcish Mines)
 23005 | Orc:2    | Received a gift from Okawaru
 24458 | D:12     | Reached skill level 10 in Invocations
 24668 | D:12     | Reached skill level 21 in Slings
 24992 | D:13     | Identified the +6 war axe "Zuleminev" {vorpal, Str+4}
                  | (Okawaru gifted it to you on level 13 of the Dungeon)
 24992 | D:13     | Received a gift from Okawaru
 25145 | D:13     | Noticed Erolcha
 25151 | D:13     | Killed Erolcha
 25214 | D:13     | Found Rakoot's Magic Scroll Shop.
 25223 | D:13     | Bought a scroll of magic mapping for 59 gold pieces
 25223 | D:13     | Bought a scroll of identify for 34 gold pieces
 25223 | D:13     | Bought a scroll of identify for 34 gold pieces
 25223 | D:13     | Bought a scroll of identify for 34 gold pieces
 25223 | D:13     | Bought a scroll of identify for 34 gold pieces
 25223 | D:13     | Bought a scroll of fear for 59 gold pieces
 25223 | D:13     | Bought a scroll of identify for 34 gold pieces
 25223 | D:13     | Bought a scroll of magic mapping for 59 gold pieces
 25223 | D:13     | Bought a scroll of random uselessness for 17 gold pieces
 25223 | D:13     | Bought a scroll of identify for 34 gold pieces
 25223 | D:13     | Bought a scroll of identify for 34 gold pieces
 25223 | D:13     | Bought a scroll of teleportation for 51 gold pieces
 25290 | D:14     | You fall into a shaft and drop 1 floor!
 25290 | D:15     | Entered Level 15 of the Dungeon
 25381 | D:15     | Found a frozen archway.
 25415 | D:15     | Noticed Kirke
 25437 | D:15     | Killed Kirke
 25506 | IceCv    | Entered an ice cave
 25676 | IceCv    | Reached XP level 17. HP: 124/124 MP: 24/24
 25827 | IceCv    | Reached ****** piety under Okawaru
 26166 | D:15     | Found a burning altar of Makhleb.
 26211 | D:15     | Found a glowing golden altar of the Shining One.
 26228 | D:15     | Found a shimmering altar of Xom.
 26744 | D:15     | Received a gift from Okawaru
 26829 | D:15     | Found a staircase to the Depths.
 27054 | D:14     | Noticed Snorg
 27068 | D:14     | Killed Snorg
 27547 | D:14     | Found a runed translucent gate.
 27548 | D:14     | Found a runed translucent gate.
 27548 | D:14     | Found a runed translucent gate.
 27614 | D:14     | Noticed a storm dragon
 27659 | D:14     | Killed a storm dragon
 27865 | D:13     | Reached skill level 22 in Slings
 27884 | D:13     | Found a gate to the Vaults.
 28323 | D:13     | Reached skill level 10 in Shields
 28789 | D:14     | Received a gift from Okawaru
 28907 | D:14     | Noticed Jenurgh's ghost (journeyman DECj)
 29176 | D:14     | Killed Jenurgh's ghost
 29583 | Swamp:1  | Entered Level 1 of the Swamp
 29717 | Swamp:1  | Identified the +2 robe of Indecent Exposure {rN+} (Okawaru
                  | gifted it to you on level 1 of the Swamp)
 29717 | Swamp:1  | Received a gift from Okawaru
 30375 | Swamp:2  | Reached XP level 18. HP: 132/132 MP: 26/26
 30471 | Swamp:2  | Noticed Donald
 30486 | Swamp:2  | Killed Donald
 30912 | Swamp:2  | Noticed a tentacled monstrosity
 30942 | Swamp:2  | Killed a tentacled monstrosity
 31040 | Swamp:2  | Noticed a tentacled monstrosity
 31056 | Swamp:2  | Killed a tentacled monstrosity
 31057 | Swamp:2  | Reached skill level 15 in Fighting
 31562 | Swamp:3  | Found a shadowy altar of Dithmenos.
 31883 | Swamp:4  | Entered Level 4 of the Swamp
 32114 | Swamp:4  | Received a gift from Okawaru
 32524 | Swamp:4  | Noticed Louise
 32538 | Swamp:4  | Killed Louise
 32681 | Swamp:4  | HP: 6/132 [shambling mangrove (10)]
 33064 | Swamp:4  | Reached skill level 23 in Slings
 33180 | Swamp:4  | Reached XP level 19. HP: 56/141 MP: 24/27
 33352 | Swamp:4  | HP: 7/141 [poisoned by a death drake (dark miasma)]
 33959 | Swamp:4  | Got a decaying rune of Zot
 34068 | Swamp:4  | Identified the +3 spear "Miarr" {antimagic, rElec rPois
                  | Dex-3}
 34429 | Spider:1 | Entered Level 1 of the Spider Nest
 34466 | Spider:1 | Identified the +2 chain mail of Polytheism {rElec Int+6
                  | Stlth-} (Okawaru gifted it to you on level 1 of the Spider
                  | Nest)
 34466 | Spider:1 | Received a gift from Okawaru
 35894 | Spider:2 | Noticed Roxanne
 37143 | Spider:2 | Killed Roxanne
 37143 | Spider:2 | Received a gift from Okawaru
 37457 | Spider:3 | Reached skill level 24 in Slings
 38279 | Spider:4 | Entered Level 4 of the Spider Nest
 38284 | Spider:4 | Received a gift from Okawaru
 38460 | Spider:4 | Received a gift from Okawaru
 38602 | Spider:4 | Reached XP level 20. HP: 149/149 MP: 29/29
 38753 | Spider:4 | Received a gift from Okawaru
 38905 | Spider:4 | Noticed Arachne
 38969 | Spider:4 | Killed Arachne
 40336 | Spider:4 | Got a gossamer rune of Zot
 40761 | Elf:1    | Entered Level 1 of the Elven Halls
 41214 | Elf:1    | Received a gift from Okawaru
 41312 | Elf:1    | Identified a scroll of acquirement
 41313 | Elf:1    | Acquired the ring "Hoplum" {+Inv rN+ AC+4 Str+4 Stlth+}
 41597 | Elf:1    | Received a gift from Okawaru
 41878 | Elf:2    | Found a runed translucent gate.
 41878 | Elf:2    | Found a runed translucent gate.
 41879 | Elf:2    | Found a runed translucent gate.
 41933 | Elf:2    | Found a white marble altar of Elyvilon.
 41933 | Elf:2    | Found a glowing silver altar of Zin.
 41934 | Elf:2    | Found a ruined gateway.
 41935 | Elf:2    | Found a glowing golden altar of the Shining One.
 42086 | Elf:2    | Reached skill level 25 in Slings
 42220 | Elf:2    | Found Degao's Distillery.
 42276 | Elf:2    | Bought a potion of curing for 57 gold pieces
 42309 | Elf:2    | Reached XP level 21. HP: 156/156 MP: 30/30
 42744 | Elf:2    | Received a gift from Okawaru
 42832 | Elf:2    | Received a gift from Okawaru
 43028 | Elf:2    | Reached skill level 10 in Armour
 43118 | Elf:3    | Entered Level 3 of the Elven Halls
 43449 | Elf:3    | Found Yklarel's Mayhem Merchandise.
 43535 | Elf:3    | Noticed Nikola
 43552 | Elf:3    | Killed Nikola
 43553 | Elf:3    | Reached skill level 15 in Stealth
 43557 | Elf:3    | Received a gift from Okawaru
 43649 | Elf:3    | Received a gift from Okawaru
 43764 | Elf:3    | Identified the +5 rapier of Coajolyst {vorpal, Str+6 Dex-3}
 43832 | Elf:3    | Received a gift from Okawaru
 44023 | Elf:3    | Received a gift from Okawaru
 44150 | Elf:3    | Identified the +8 demon trident "Cic Echu" {vamp, MP+9
                  | SInv}
 44150 | Elf:3    | Identified the ring "Upos" {rC- Will+++ Str-3 Int+6 Dex+5}
 44441 | Elf:3    | Reached XP level 22. HP: 54/165 MP: 32/32
 44620 | Elf:3    | Identified the +7 hunting sling of Dawn {speed, *Slow Str+2
                  | Dex+3}
 44621 | Elf:3    | Identified the +2 cloak "Dunnol" {rPois rF+ rCorr Dex+3}
 44747 | Elf:3    | Found the +8 storm bow {elec, penet}
 44896 | Elf:3    | Identified the +2 robe of Uvara {Str+5}
 44897 | Elf:3    | Found a runed translucent gate.
 44897 | Elf:3    | Found a runed translucent gate.
 44897 | Elf:3    | Found a runed translucent gate.
 45092 | Elf:3    | Noticed agentgt's ghost (adept HuVM)
 45095 | Elf:3    | Found an iron altar of Okawaru.
 45314 | Elf:3    | Reached skill level 26 in Slings
 45362 | Elf:3    | Killed agentgt's ghost
 45637 | Vaults:1 | Entered Level 1 of the Vaults
 45683 | Vaults:1 | Identified the +5 ring mail of Qaulugupp {rN+} (Okawaru
                  | gifted it to you on level 1 of the Vaults)
 45683 | Vaults:1 | Received a gift from Okawaru
 45745 | Vaults:1 | Found a magical portal.
 45750 | WizLab   | Entered Zonguldrok's Shrine
 46311 | WizLab   | Noticed an antique lich
 46331 | WizLab   | Killed an antique lich
 46396 | WizLab   | Found the +9 sword of Zonguldrok {reap}
 47262 | Vaults:1 | Received a gift from Okawaru
 47276 | Vaults:1 | Reached XP level 23. HP: 172/172 MP: 33/33
 47898 | Vaults:1 | Reached skill level 27 in Slings
 48141 | Vaults:2 | Received a gift from Okawaru
 48504 | Vaults:2 | You fall into a shaft and drop 2 floors!
 48553 | Vaults:4 | Received a gift from Okawaru
 48606 | Vaults:4 | Received a gift from Okawaru
 49092 | Vaults:4 | Found a portal to a secret trove of treasure.
 49410 | Vaults:4 | Received a gift from Okawaru
 49475 | Vaults:4 | Found an iron altar of Okawaru.
 49853 | Vaults:4 | Received a gift from Okawaru
 50195 | Vaults:3 | Received a gift from Okawaru
 50494 | Vaults:3 | Reached XP level 24. HP: 174/182 MP: 33/33
 50678 | Vaults:3 | Received a gift from Okawaru
 51388 | Vaults:3 | Received a gift from Okawaru
 52123 | Vaults:2 | Found a staircase to the Crypt.
 53476 | Vaults:4 | You paid a toll of a +8 demon trident to enter a treasure
                  | trove
 53477 | Trove    | Entered a treasure trove
 53509 | Trove    | Identified the amulet of Impesha {Reflect rElec Str+3 SH+5
                  | Stlth+}
 53542 | Trove    | Identified Sif Muna's Catalogue of the Supportive Frostbite
 53595 | Vaults:4 | Reached skill level 1 in Maces & Flails
 53595 | Vaults:4 | Reached XP level 25. HP: 190/190 MP: 34/34
 53628 | Vaults:5 | Entered Level 5 of the Vaults
 53682 | Vaults:4 | Received a gift from Okawaru
 54059 | Vaults:4 | Cast into level 2 of the Abyss (vault guard)
 54412 | Abyss:2  | Received a gift from Okawaru
 54498 | Abyss:2  | Reached skill level 15 in Invocations
 54651 | Vaults:4 | Escaped the Abyss
 54946 | Vaults:4 | Received a gift from Okawaru
 56539 | D:13     | Bought a scroll of enchant armour for 127 gold pieces
 56539 | D:13     | Bought a scroll of enchant armour for 127 gold pieces
 56689 | Vaults:5 | Paralysed by a sphinx for 4 turns
 57260 | Vaults:4 | Reached XP level 26. HP: 92/184 MP: 34/34
 57949 | Vaults:5 | Identified the Handbook of the Frostbite and Confrontation
 58035 | Vaults:5 | Identified the +1 buckler "Idibbaso" {*Corrode Slay+6}
                  | (Okawaru gifted it to you on level 5 of the Vaults)
 58035 | Vaults:5 | Received a gift from Okawaru
 58052 | Vaults:5 | Identified the +12 broad axe of Cipt {flame, rElec}
 58280 | Vaults:5 | Noticed a dread lich
 58293 | Vaults:5 | Killed a dread lich
 58299 | Vaults:5 | Noticed a dread lich
 58314 | Vaults:5 | Identified the +6 troll leather armour of Grace {Regen+
                  | Int+3 Dex+8 SInv}
 58373 | Vaults:5 | Paralysed by something for 6 turns
 58694 | Vaults:5 | Identified the amulet "Guucreev" {Acrobat SInv}
 58820 | Vaults:5 | Noticed a dread lich
 59233 | Vaults:5 | Paralysed by something for 6 turns
 59241 | Vaults:5 | Killed a dread lich
 59242 | Vaults:5 | Reached skill level 15 in Shields
 59343 | Vaults:5 | Killed a dread lich
 59642 | Vaults:5 | Identified the +8 morningstar of Green Defiance {vorpal,
                  | +Fly rElec Str-4 Int+2}
 59651 | Vaults:5 | Noticed a dread lich
 59655 | Vaults:5 | Cast into level 3 of the Abyss (a deep elf sorcerer)
 59655 | Abyss:3  | Found a corrupted altar of Lugonu.
 59655 | Abyss:3  | Found a transporter.
 59723 | Abyss:3  | Found a transporter.
 59727 | Abyss:3  | Found a corrupted altar of Lugonu.
 59733 | Abyss:3  | Found a transporter.
 59755 | Abyss:3  | Paralysed by accursed screaming for 1 turns
 59773 | Abyss:3  | Paralysed by accursed screaming for 1 turns
 59781 | Abyss:3  | Identified the ring of Autumn {rN+ Dex+3}
 59791 | Abyss:3  | Received a gift from Okawaru
 59821 | Abyss:3  | Found a transporter.
 59848 | Abyss:3  | Identified the amulet "Bumpiqam" {Will+ Regen+}
 59885 | Abyss:3  | Found a transporter.
 60244 | Abyss:3  | Found a transporter.
 60244 | Abyss:3  | Found a transporter.
 60300 | Abyss:3  | Noticed a dread lich
 60326 | Abyss:3  | Paralysed by something for 2 turns
 60333 | Abyss:3  | Paralysed by something for 7 turns
 60515 | Abyss:3  | Found a corrupted altar of Lugonu.
 60515 | Abyss:3  | Found a transporter.
 60528 | Abyss:3  | Found a corrupted altar of Lugonu.
 60582 | Abyss:3  | Gained mutation: Your body sometimes deteriorates upon
                  | taking damage. [a neqoxec]
 60657 | Vaults:5 | Escaped the Abyss
 60659 | Vaults:5 | HP: 9/201 [deep elf high priest/divine providence (11)]
 61418 | Vaults:5 | Reached XP level 27. HP: 84/207 MP: 27/34
 61436 | Vaults:4 | Killed a dread lich
 62104 | Vaults:5 | Identified the Disquisition on Ice
 62428 | Vaults:5 | Got a silver rune of Zot
 62944 | Depths:1 | Entered Level 1 of the Depths
 62958 | Depths:1 | Found the +7 pair of quick blades "Gyre" and "Gimble"
                  | {protect}
 63174 | Depths:1 | Found a gateway to a bazaar.
 63184 | Bazaar   | Entered a bazaar
 63203 | Bazaar   | Found Xamam's Antique Weapon Emporium.
 63216 | Bazaar   | Found Lyf Podgh's Antique Weapon Shoppe.
 63233 | Bazaar   | Found Rotucof's Antique Armour Shoppe.
 63244 | Bazaar   | Found Abeoh's Antique Armour Emporium.
 63281 | Depths:1 | Identified the Incunabulum of Articulation
 63388 | Depths:1 | Received a gift from Okawaru
 63701 | Depths:1 | Found a gateway to Hell.
 64114 | Depths:1 | Found a one-way gate leading to the halls of Pandemonium.
 64304 | Depths:1 | Gained mutation: Your muscles are strong. (Str +2) [a
                  | shining eye]
 64308 | Depths:1 | Gained mutation: You are clumsy. (Dex -2) [a shining eye]
 64333 | Depths:1 | Paralysed by a floating eye for 3 turns
 64348 | Depths:1 | Paralysed by a floating eye for 2 turns
 64353 | Depths:1 | Paralysed by a floating eye for 4 turns
 65467 | Depths:2 | Received a gift from Okawaru
 65589 | Depths:2 | Found a runed translucent gate.
 65590 | Depths:2 | Found a runed translucent gate.
 65592 | Depths:2 | Found an opulent altar of Gozag.
 65592 | Depths:2 | Found a runed translucent gate.
 65792 | Depths:2 | Found Akeuc's Assorted Antiques.
 65881 | Depths:2 | Noticed Xoleat's ghost (adept NaFi)
 66169 | Depths:3 | Found an iron altar of Okawaru.
 66359 | Depths:3 | Noticed a juggernaut
 66389 | Depths:3 | Killed a juggernaut
 66839 | Depths:3 | Found a one-way gate to the infinite horrors of the Abyss.
 67950 | Depths:4 | Found a gateway to a ziggurat.
 68117 | Depths:4 | Found Fianiric's Antique Armour Shoppe.
 68267 | Depths:4 | Gained mutation: Your body often deteriorates upon taking
                  | damage. [a shining eye]
 68270 | Depths:4 | Received a gift from Okawaru
 68621 | Depths:4 | Identified the +3 hunting sling of Offence {vorpal, +Blink
                  | +Fly Will+ MP+9} (Okawaru gifted it to you on level 4 of
                  | the Depths)
 68621 | Depths:4 | Received a gift from Okawaru
 68858 | Depths:4 | Identified the +5 hunting sling of Certain Death {vorpal,
                  | +Blink rC+}
 69022 | Depths:4 | Identified the ring "Peromoop" {EV+4 Dex+6}
 69023 | Depths:4 | Identified Cacod's Papyrus of Fiery Changing
 69191 | Depths:4 | Identified the +8 spear of the Boar {vorpal, rPois}
 69823 | Depths:5 | Entered Level 5 of the Depths
 69983 | Depths:5 | HP: 1/216 [caustic shrike (11)]
 69983 | Depths:5 | Splashed by a caustic shrike's acid

Illustrated notes

Levels and vault maps discovered:
D:1:      onia_arrival_zoo_common, layout_loops_ring, grunt_decor_cap
D:2:      layout_basic, nicolae_vehumet_altar_sigil
D:3:      layout_basic, serial_undead, serial_undead_d, serial_undead_b,
          serial_undead_c, serial_undead_a, serial_undead_b, serial_undead_b,
          kennysheep_potato, uniq_sigmund
D:4:      minmay_polygon_palace, layout_basic
D:5:      kennysheep_windowed_halls, layout_rooms,
          minmay_temple_entry_stoned_glass, elyvilon_altar_1
D:6:      layout_basic, kennysheep_mini_moat, lemuel_coloured_pillars_altar,
          minmay_misc_feat_five, kennysheep_generic_room_8, uniq_duvessa,
          uniq_maggie
D:7:      layout_basic, lemuel_crystal_altar, enter_bailey_6, uniq_joseph,
          uniq_harold
D:8:      layout_basic, old_standard_altar, gammafunk_ghost_stat_death,
          kb_lookout_dungeons_type, xom_shifter_show
D:9:      layout_loops_corners, lemuel_zombie_altar_kikubaaqudgha, serial_shops,
          nicolae_shop_stone, uniq_pikel, uniq_prince_ribbit1
D:10:     layout_irregular_city, david_lair_shrubbed, cheibriados_altar_1
D:11:     layout_roguey, david_orc_1_choice, kennysheep_path_1,
          fedhas_altar_decomposition, uniq_josephine
D:12:     layout_loops_ring
D:13:     layout_loops_corners, hangedman_vaults_entry_quadrant_bands,
          serial_shops, shop, minmay_misc_feat_columns, uniq_erolcha
D:14:     minmay_glassy_protrusions, layout_loops_ring,
          gammafunk_ghost_necromancy, hangedman_decor_points,
          serial_park_tiny_2, uniq_snorg
D:15:     grunt_enter_depths_magical_seal, layout_small_grid, basic_altar,
          portal_ice_cave_entry_ice_beasts, serial_bayou_pond_a, minivault_24,
          nzn_life_drinkers, uniq_kirke
Temple:   nicolae_temple_elliptical
Lair:1:   lemuel_reptile_caves, layout_chaotic_city, infiniplex_staircase_pool,
          minmay_lair_oklob_chamber, lemuel_fruit_tree
Lair:2:   layout_regular_city, minmay_swamp_entry_worms,
          chequers_serial_rivers_room_b, beast_lair_carwin_3
Lair:3:   layout_layer_cave, cheibrodos_lair_caveside_slide
Lair:4:   layout_cave_pods, dummy_spider_entry, gammafunk_ghost_split,
          serial_bayou_lake_a, grunt_megastairs_4
Lair:5:   layout_layer_cave, slime_altar_1, gammafunk_ghost_cemetery
Lair:6:   evilmike_catoblepas_cave, layout_concentric_octagons
Swamp:1:  layout_basic_swamp, evilmike_swamp_ruin_house_4
Swamp:2:  cheibrodos_swamp_monstrosity, layout_basic_swamp,
          nicolae_swamp_dense_foliage, uniq_donald
Swamp:3:  layout_basic_swamp, evilmike_swamp_ruin_house_2, lemuel_altar_in_water
Swamp:4:  nzn_swamp_witches_coven, layout_basic_swamp, uniq_louise
Spider:1: layout_chambers
Spider:2: layout_chambers, drop_trap, uniq_roxanne
Spider:3: layout_chambers, nicolae_spider_cling_ruins
Spider:4: floodkiller_spider_rune_tomb, uniq_arachne
Orc:1:    layout_caves
Orc:2:    grunt_orc_cross, layout_caves, mines1_david
Elf:1:    minmay_elf_arrival_summoners, layout_rooms,
          kennysheep_underground_church
Elf:2:    layout_geoelf_grid, portal_desolation_entry_holy_temple, serial_shops,
          shop, amcnicky_mini_pool_small
Elf:3:    minmay_elf_hall_furrowed, layout_loops_corners,
          gammafunk_ghost_fury_of_okawaru, serial_sigils_hangedman_scar,
          wad_floor_pattern_2, minmay_shop_mayhem, billiards_dpeg, uniq_nikola
Vaults:1: v_alt_pattern_5, st_cross, ontoclasm_vaults_bender, v_misc_24,
          nicolae_vaults_inception_corners, grunt_vaults_twisty,
          grunt_vaults_funnel, ontoclasm_vaults_chip, hangedman_vaults_maws,
          nicolae_vaults_shelves_hall, ontoclasm_vaults_twist,
          nicolae_vaults_little_squares_3, layout_vaults_omnibox,
          mu_enter_wizlab_2
Vaults:2: nicolae_vaults_sealed_display, nicolae_vaults_specimen_jars,
          nicolae_vaults_yaktaur_gun_rack, vaults_dpeg_encased_lava,
          nicolae_vaults_rhombus_6, v_rooms_4, blue_anna_dwarven_crypt,
          v_misc_25, layout_vaults_quadrants
Vaults:3: vaults_room_semicircle, v_misc_19, vaults_room_fours, v_rooms_4,
          ontoclasm_vaults_misaligned, hangedman_vaults_unwind, v_misc_15,
          hangedman_vaults_corner, vaults_room_grid, v_misc_9,
          hangedman_vaults_restitches, vaults_mumra_chevron,
          vaults_room_stairs_pillars, st_spiral_rooms, layout_vaults_ring
Vaults:4: nicolae_vaults_ninety_degrees, v_misc_26, v_pattern_2, v_rooms_6,
          ontoclasm_vaults_ring_square, hangedman_vaults_maws,
          vaults_dpeg_hooks, grunt_vaults_focal, vaults_mumra_hexcomb,
          vaults_room_ringed_pool, nicolae_vaults_diagonal_hallway_7,
          vaults_room_pools, layout_vaults_omnicross,
          nicolae_trove_entry_columns, basic_altar
Vaults:5
Depths:1: layout_roguey [special_room_mythical_zoo], grunt_hell_entry_dis_mu,
          marbit_kobold_abyss_entry, rand_demon_pan_entry_9,
          minmay_misc_feat_nine_boxes, serial_shops, bzr_entry_customers,
          hangedman_eye_storm
Depths:2: hangedman_arrow_trap, layout_small_grid, hell_entry,
          rand_demon_pan_entry_7, ebering_ghost_gozag
Depths:3: minmay_curly_fans, layout_basic, pan_entry, hellmouth_1,
          abyss_entry_crystal, okawaru_ov_weapons_minmay,
          infiniplex_staircase_pool_2
Depths:4: vault_1, layout_cave_pools, enter_ziggurat_b, pan_entry, hell_entry,
          serial_shops, kennysheep_mini, minmay_room_of_horrors,
          chequers_serial_rivers_micro_c
Depths:5: evilmike_zot_entry_argh, layout_cave_pools,
          grunt_pan_entry_in_and_out, gammafunk_ghost_necromancy,
          abyss_entry_small_statue_room, hell_entry,
          minmay_misc_feat_more_columns, minmay_guarded_unrand_wrath_of_trog

Skill      XL: |  1  2  3  4  5  6  7  8  9 10 11 12 13 14 15 16 17 18 19 20 21 22 23 24 25 26 27 |
---------------+----------------------------------------------------------------------------------+-----
Slings         | 6 7 8 9 11 12 14 15 16 17 18 19 20 21 22 23 24 25 26 27 | 27.0
Stealth        | 2 3 4 5 6 7 8 9 10 11 12 13 14 15 16 17 19 | 19.1
Fighting       | 2 3 4 6 8 9 10 11 12 13 14 15 16 17 18 19 20 21 24 | 24.4
Armour         | 1 2 4 5 6 7 8 9 10 11 12 13 | 13.7
Shields        | 1 2 3 4 5 6 7 9 10 11 12 13 14 15 17 | 17.2
Dodging        | 3 4 5 6 7 8 |  8.3
Invocations    | 1 3 4 6 7 8 9 10 11 12 13 14 15 16 | 16.9
Long Blades    | 2 |  2.8
Short Blades   | 2 |  2.2
Axes           | 1 |  1.6
Evocations     | 1 |  1.8
Maces & Flails | 1 |  1.7

Action                   |  1- 3 |  4- 6 |  7- 9 | 10-12 | 13-15 | 16-18 | 19-21 | 22-24 | 25-27 || total
-------------------------+-------+-------+-------+-------+-------+-------+-------+-------+-------++-------
Melee: Short sword       |    19 |     9 |       |       |       |       |       |       |       ||    28
       Long sword        |       |       |       |    15 |       |       |       |       |       ||    15
       Unarmed           |       |       |       |       |       |     6 |       |       |       ||     6
       Hunting sling     |       |       |       |       |       |       |       |       |     2 ||     2
 Fire: Hunting sling     |    78 |   208 |   356 |   807 |   947 |  2162 |  2066 |  1719 |  2740 || 11083
       Fustibalus        |       |       |       |       |   491 |       |       |       |       ||   491
Invok: Heroism           |       |       |       |     7 |    21 |     9 |     7 |     2 |    11 ||    57
       Finesse           |       |       |       |       |     2 |     4 |     3 |     2 |    11 ||    22
Evoke: Wand              |       |       |     2 |       |     1 |       |       |       |       ||     3
       Condenser vane    |       |       |       |       |       |       |       |       |     1 ||     1
  Use: Scroll            |       |     6 |     4 |     7 |    13 |    11 |    10 |     4 |    21 ||    76
       Potion            |       |       |     1 |     4 |     5 |     7 |     5 |     2 |    11 ||    35
Armor: Leather armour    |    17 |     9 |    24 |       |       |       |       |       |       ||    50
       Steam dragon scal |       |       |     5 |    37 |       |       |       |       |       ||    42
       Scale mail        |       |       |       |    37 |   228 |       |       |       |       ||   265
       Chain mail        |       |       |       |       |    12 |   376 |   366 |   160 |   157 ||  1071
       Gold dragon scale |       |       |       |       |       |       |       |       |   661 ||   661
Dodge: Dodged            |    42 |    88 |    54 |   244 |   369 |   648 |   570 |   294 |   656 ||  2965
Block: Buckler           |       |       |     1 |       |       |       |       |       |       ||     1
       Kite shield       |       |       |    33 |   188 |   465 |   856 |   661 |   383 |  1622 ||  4208
       Reflection        |       |       |       |       |       |     4 |    42 |    56 |    29 ||   131
       Rpst.: Long sword |       |       |       |     7 |       |       |       |       |       ||     7

Table legend: (Time is in decaauts)
 A = Elapsed time spent in this place.
 B = Non-inter-level travel time spent in this place.
 C = Inter-level travel time spent in this place.
 D = Time resting spent in this place.
 E = Time spent auto-exploring this place.
 F = Levels seen in this place.
 G = Mean time per level.
                   A        B        C        D        E       F      G
               +--------+--------+--------+--------+--------+-----+--------+
         Total |  67668 |  63140 |   4528 |   6064 |  42499 |  52 | 1301.3 |
       Dungeon |  16550 |  15072 |   1478 |    605 |  11094 |  15 | 1103.3 |
        Temple |     10 |      5 |      5 |      0 |      0 |   1 |   10.0 |
          Lair |  10246 |   9353 |    893 |    737 |   6535 |   6 | 1707.7 |
         Swamp |   4934 |   4787 |    147 |    506 |   3361 |   4 | 1233.5 |
   Spider Nest |   6000 |   5698 |    302 |    201 |   4362 |   4 | 1500.0 |
  Orcish Mines |   2084 |   1860 |    224 |    127 |   1170 |   2 | 1042.0 |
   Elven Halls |   4677 |   4240 |    437 |    222 |   2761 |   3 | 1559.0 |
        Vaults |  13682 |  12776 |    906 |   3144 |   7195 |   5 | 2736.4 |
        Depths |   6442 |   6311 |    131 |    330 |   4483 |   5 | 1288.4 |
         Abyss |   1363 |   1363 |      0 |    190 |    585 |   2 |  681.5 |
        Bazaar |     75 |     75 |      0 |      0 |     73 |   1 |   75.0 |
         Trove |    115 |    115 |      0 |      0 |     81 |   1 |  115.0 |
        Bailey |    297 |    297 |      0 |      0 |    149 |   1 |  297.0 |
      Ice Cave |    568 |    568 |      0 |      0 |    312 |   1 |  568.0 |
        Wizlab |    620 |    620 |      0 |      0 |    336 |   1 |  620.0 |
               +--------+--------+--------+--------+--------+-----+--------+

Top non-repeatable levels by time:
Vaults:4: 5646 daAuts
Vaults:5: 2415 daAuts
 Swamp:4: 2396 daAuts
Vaults:3: 2359 daAuts
   Elf:3: 2263 daAuts
Spider:4: 2183 daAuts
  Lair:5: 2148 daAuts
  Lair:4: 1997 daAuts
Depths:4: 1901 daAuts
  Lair:3: 1857 daAuts
Vaults:1: 1782 daAuts
Depths:3: 1744 daAuts
  Lair:6: 1672 daAuts
    D:11: 1660 daAuts
   Orc:2: 1580 daAuts
